 Dungeon Crawl Stone Soup version 0.20-a0-733-gf92fd71 (webtiles) character file.

214 uglyjohn the Insei (level 5, -1/27 HPs)
             Began as a Vine Stalker Monk on Feb 22, 2017.
             Slain by a black bear (7 damage)
             ... on level 4 of the Dungeon.
             The game lasted 00:06:55 (3079 turns).

uglyjohn the Insei (Vine Stalker Monk)              Turns: 3079, Time: 00:06:55

Health: -1/27      AC:  7    Str: 15    XL:     5   Next: 91%
Magic:  0/6        EV: 11    Int: 10    God:
Gold:   213        SH:  5    Dex: 16    Spells: 4/4 levels left

rFire    . . .     SeeInvis .     - Unarmed
rCold    . . .     Gourm    .   k - +0 ring mail
rNeg     . . .     Faith    .   (no shield)
rPois    .         Spirit   +   (no helmet)
rElec    .         Reflect  +   o - scarf {repulsion}
rCorr    .         Harm     .   m - +0 pair of gloves
MR       .....                  d - +0 pair of boots
Stlth    ++........             f - +5 amulet of reflection
Regen    0.5/turn               (no ring)
MPRegen  0.1/turn               (no ring)

@: lethally poisoned (-1 -> -2), repel missiles
A: fangs 2, regeneration 1, magic shield, antimagic bite, no potion heal 3, rot
immunity
a: no special abilities


You were on level 4 of the Dungeon.
You were hungry.

You visited 1 branch of the dungeon, and saw 4 of its levels.

You collected 213 gold pieces.

Inventory:

Armour
 a - a +0 robe
 d - a +0 pair of boots (worn)
 k - a +0 ring mail (worn)
 m - a +0 pair of gloves (worn)
 o - a scarf of repulsion (worn)
 u - a +0 chain mail
Jewellery
 f - a +5 amulet of reflection (around neck)
 z - a +3 amulet of reflection
Scrolls
 c - 3 scrolls of remove curse {unknown}
 e - 2 scrolls of teleportation {unknown}
 g - a scroll of identify
 j - 2 scrolls of enchant weapon {unknown}
 l - a scroll of recharging {unknown}
 w - a scroll of random uselessness {unknown}
 x - a scroll of fog {unknown}
 y - 2 scrolls of amnesia {unknown}
Potions
 h - a potion of curing
 i - a potion of lignification
 p - a potion of mutation {unknown}
 q - 2 potions of heal wounds
 r - a potion of brilliance {unknown}
 s - a potion of might {unknown}
 t - 2 potions of cancellation
 v - a potion of degeneration {unknown}
Comestibles
 b - 2 bread rations
 n - a meat ration


   Skills:
 - Level 2.6 Fighting
 - Level 2.4 Dodging
 - Level 2.4 Stealth
 + Level 6.4 Unarmed Combat


You had 4 spell levels left.
You didn't know any spells.

Dungeon Overview and Level Annotations

Branches:
Dungeon (4/15)
 Temple: D:4-7

Altars:
Makhleb


Innate Abilities, Weirdness & Mutations

You have extremely sharp teeth.
Your natural rate of healing is unusually fast.
When hurt, damage is shared between your health and your magic reserves.
Your bite disrupts and absorbs the magic of your enemies.
Potions cannot restore your health.
You are immune to rotting.


Message History

The black bear is severely wounded.
The black bear bites you. The black bear claws you.
The black bear claws you but does no damage.
You are too injured to fight recklessly!
You are too injured to fight recklessly!
You are too injured to fight recklessly!
You are too injured to fight recklessly!
You barely miss the black bear.
The black bear is severely wounded.
The black bear bites you. The black bear misses you.
The black bear closely misses you.
You punch the black bear!
You bite the black bear, but do no damage.
The black bear is almost dead.
The black bear bites you.
* * * LOW HITPOINT WARNING * * *
You block the black bear's attack.
The black bear claws you but does no damage.
The black bear bites you!
You die...

.#### #......##
....####.###...####
..................#
......#.####...##.#
......# ....#.###.# ##
......#.###.#.###.####.###
.. ........
#.#............# ..
....#.## #.#.###.######.#
####. ...##.#
#....h@.......... ....
#..# #
###.###.#######.#.###..
..# #..S##.# .....#.. .(.(
#.#.#.#.# ...#.... .###.
.......... #..... (# . ###
### ### .....#.. ..## ##.
#. #.


You could see a black bear (berserk).

Vanquished Creatures
  2 hounds
  7 adders
  2 oozes
  2 worms
  A dart slug (D:2)
  A leopard gecko (D:4)
  3 orcs
  5 giant cockroaches
  13 goblins
  8 hobgoblins
  6 kobolds
  A quokka (D:3)
  A ball python (D:1)
  9 bats
  4 frilled lizards
  9 rats
74 creatures vanquished.

Notes
Turn   | Place    | Note
-------+----------+-------------------------------------------
     0 | D:1      | uglyjohn the Vine Stalker Monk began the quest for the Orb.
     0 | D:1      | Reached XP level 1. HP: 11/11 MP: 2/2
    40 | D:1      | Reached XP level 2. HP: 13/16 MP: 1/3
   538 | D:1      | Reached skill level 4 in Unarmed Combat
  1034 | D:2      | Reached XP level 3. HP: 14/19 MP: 2/4
  1410 | D:2      | Gained mutation: Your natural rate of healing is unusually fast. [Vine Stalker growth]
  1410 | D:2      | Reached XP level 4. HP: 14/23 MP: 3/5
  1475 | D:2      | Reached skill level 5 in Unarmed Combat
  1965 | D:3      | Found a burning altar of Makhleb.
  2096 | D:3      | Reached XP level 5. HP: 26/27 MP: 6/6
  2877 | D:4      | Reached skill level 6 in Unarmed Combat
  3057 | D:4      | Noticed a black bear
  3079 | D:4      | Slain by a black bear

Vault maps used:
D:1:      onia_arrival_handbag, serial_forest, infiniplex_forest_lined_2,
          infiniplex_forest_clump_curved, infiniplex_forest_end_2,
          infiniplex_forest_fountain, infiniplex_forest_corner_1,
          infiniplex_forest_clump_medium, infiniplex_forest_clump_long,
          infiniplex_forest_lined_1, infiniplex_forest_lined_room_2,
          minmay_tetromino_s2
D:2:      first_bread, minmay_goblin_outpost
D:3:      makhleb_heckhound_becter, minivault_11, kennysheep_generic_room_15

Skill      XL: |  1  2  3  4  5 |
---------------+----------------+-----
Unarmed Combat | 4 5 6 |  6.4
Fighting       | |  2.6
Dodging        | |  2.4
Stealth        | |  2.4

Action                   |  1- 3 |  4- 6 || total
-------------------------+-------+-------++-------
Melee: Unarmed           |    80 |   134 ||   214
       Bite              |    17 |    39 ||    56
       Punch             |       |     4 ||     4
  Use: Scroll            |       |     4 ||     4
 Stab: Sleeping          |     7 |     8 ||    15
  Eat: Chunk             |     1 |     5 ||     6
Armor: Robe              |    14 |     2 ||    16
       Ring mail         |       |    26 ||    26
Dodge: Dodged            |    46 |    76 ||   122
       Deflected         |       |     1 ||     1
Block: Other             |       |    19 ||    19
